Map: Orbital Shipyard

Players

MangoSlushie

  • Race: Terran Terran
  • League: Diamond

xKawaiian - Winner!

  • Race: Terran Terran
  • League: Master

VOD

Have the link to the VOD?

Description

Time

  • Played on: Jan. 16, 2016, 1:03 a.m.
  • Length: 5:06
Show
View Real Time Build Order
Export as new Build Order

MangoSlushie Terran 

Build Orders:  

Get SALT Encoding   

  12  0:33  SCV  
  13  0:42  Command Center  
  13  0:46  SCV  
  14  0:52  Supply Depot  
  14  1:02  SCV  
  15  1:15  Barracks  
  15  1:16  SCV  
  16  1:28  Refinery  
  16  1:30  Refinery  
  16  1:31  SCV  
  17  1:43  SCV  
  18  2:01  Orbital Command  
  18  2:02  Orbital Command  
  18  2:07  Marine  
  19  2:21  Factory  
  19  2:25  Marine  
  20  2:30  SCV x2  
  22  2:42  SCV x2  
  22  2:43  Marine  
  25  2:54  SCV  
  25  2:56  SCV  
  25  2:57  Supply Depot  
  27  3:05  Starport  
  27  3:06  SCV  
  27  3:07  Hellion  
  27  3:08  SCV  
  27  3:09  Marine  
  32  3:18  SCV  
  33  3:22  Barracks  
  33  3:26  Engineering Bay  
  33  3:27  Marine  
  33  3:33  Widow Mine  
  36  3:43  Viking  
  36  3:46  SCV  
  36  3:47  Marine  
  37  4:08  Hellion, Marine  
  40  4:13  Supply Depot  
  40  4:25  Supply Depot  
  38  4:35  SCV, Marine x2  
Show
View Real Time Build Order
Export as new Build Order

xKawaiian Terran - Winner!

Build Orders: 1/1/1, Cyclone Opening 

Get SALT Encoding   

  12  0:01  SCV  
  13  0:13  SCV  
  14  0:17  Supply Depot  
  14  0:25  SCV  
  15  0:39  SCV  
  15  0:40  Barracks  
  16  0:46  Refinery  
  16  0:51  SCV  
  16  0:54  Refinery  
  17  1:03  SCV  
  18  1:15  SCV  
  19  1:28  Orbital Command  
  19  1:29  Marine  
  20  1:34  Factory  
  20  1:42  Supply Depot  
  20  1:46  Marine  
  21  1:54  SCV  
  22  2:04  Marine  
  22  2:07  SCV  
  24  2:17  Starport  
  24  2:18  Factory Tech Lab  
  24  2:21  SCV  
  24  2:22  Marine  
  26  2:26  Supply Depot  
  26  2:33  SCV  
  27  2:38  Cyclone  
  27  2:41  Marine  
  31  2:47  SCV  
  32  2:54  Supply Depot, Medivac  
  34  2:58  Marine  
  34  3:01  SCV  
  36  3:10  Siege Tank  
  39  3:16  Marine  
  39  3:17  SCV  
  39  3:18  Liberator  
  41  3:24  Supply Depot  
  41  3:36  Marine  
  41  3:39  SCV  
  46  3:51  SCV  
  47  4:00  Siege Tank, Marine  
  50  4:21  Command Center  
  50  4:22  SCV  
  50  4:32  Marine  
  50  4:33  Siege Tank  
Tags
 
Add a new tag
Caveats
  • Supply blocks, unpowered buildings, or Contaminate may cause inaccurate times.
  • Supply counts are checked every 10 seconds.